 Dungeon Crawl Stone Soup version 0.30-a0-723-gc1506a1cf0 (webtiles) character file.

Game seed: 16431563070447893576

186182 mandoloar the Severer (level 17, -9/166 HPs)
             Began as a Minotaur Fighter on Jan 28, 2023.
             Was an Elder of Okawaru.
             Mangled by an eight-headed hydra (12 damage)
             ... on level 2 of the Swamp on Jan 29, 2023.
             The game lasted 01:35:52 (37918 turns).

mandoloar the Severer (Minotaur Fighter)           Turns: 37918, Time: 01:35:52

Health: -9/166     AC: 31    Str: 36    XL:     17   Next: 83%
Magic:  22/22      EV: 10    Int:  5    God:    Okawaru [****..]
Gold:   1300       SH: 15    Dex: 11    Spells: 16/16 levels left

rFire   + . .      SeeInvis +    b - +3 flail (drain)
rCold   + + .      Faith    .    Q - +2 kite shield of Siuxzer {rC+ Str+2 SInv}
rNeg    . . .      Spirit   .    r - +0 gold dragon scales
rPois   +          Reflect  .    (helmet restricted)
rElec   .          Harm     .    C - +1 cloak
rCorr   .          Rampage  .    m - +0 pair of gloves
Will    +....                    l - +0 pair of boots Stlth
                                 p - amulet of the acrobat
HPRegen 0.47/turn                J - +4 ring of protection
MPRegen 0.18/turn                R - +6 ring of strength

@: heroic, hasted, very quick
A: horns 2, retaliatory headbutt
a: Renounce Religion, Heroism, Finesse


You were on level 2 of the Swamp.
You worshipped Okawaru.
Okawaru was greatly pleased with you.
You visited 5 branches of the dungeon, and saw 26 of its levels.
You also visited: Volcano.

You collected 2610 gold pieces.
You spent 1310 gold pieces at shops.

Inventory:

Hand Weapons
 a - a +4 war axe of protection
 b - a +3 flail of draining (weapon)
Missiles
 e - 233 stones
 k - 22 boomerangs (quivered)
 L - a silver boomerang
Armour
 l - a +0 pair of boots (worn)
 m - a +0 pair of gloves (worn)
 r - +0 gold dragon scales (worn)
 C - a +1 cloak (worn)
 Q - the +2 kite shield of Siuxzer (worn) {rC+ Str+2 SInv}
   (Okawaru gifted it to you on level 13 of the Dungeon)

   Str:       It affects your strength (+2).
   rC:        It protects you from cold.
   SInv:      It lets you see invisible.
Jewellery
 c - a ring of protection from cold
 p - an amulet of the acrobat (around neck)
 q - a ring of positive energy
 z - a ring of resist corrosion
 J - a +4 ring of protection (left hand)
 R - a +6 ring of strength (right hand)
Wands
 h - a wand of iceblast (16)
 u - a wand of polymorph (20)
 y - a wand of flame (52)
 B - a wand of acid (5)
 E - a wand of mindburst (10)
 H - a wand of paralysis (34)
 N - a wand of digging (6)
Scrolls
 i - 6 scrolls of teleportation
 t - 3 scrolls of fear
 x - 2 scrolls of silence
 D - a scroll of fog
 I - 4 scrolls of blinking
 K - 2 scrolls of immolation
 S - a scroll of identify
 T - a scroll of amnesia
Potions
 d - 8 potions of might
 f - 2 potions of resistance
 g - 3 potions of ambrosia
 j - 3 potions of magic
 n - 7 potions of curing
 o - 9 potions of mutation
 s - 3 potions of haste
 v - 4 potions of cancellation
 w - a potion of brilliance
 A - a potion of berserk rage
 F - a potion of flight
 G - 5 potions of lignification
 M - a potion of invisibility
 O - 4 potions of heal wounds
 P - 2 potions of attraction


   Skills:
 + Level 18.7(23.7) Fighting
 + Level 20.7(25.7) Axes
 + Level 6.4(11.4) Throwing
 - Level 12.0(17.0) Armour
 - Level 7.0(12.0) Dodging
 - Level 7.0(12.0) Stealth
 - Level 12.0(17.0) Shields
 - Level 9.0 Invocations


You had 16 spell levels left.
You didn't know any spells.
Your spell library contained the following spells:

 Spells                   Type           Power      Damage    Failure   Level
 Apportation              Tloc           0%         N/A       100%        1
 Beastly Appendage        Tmut           0%         N/A       100%        1
 Kiss of Death            Conj/Necr      0%         2d5       100%        1
 Magic Dart               Conj           0%         1d3       100%        1
 Necrotise                Necr           0%         1d4       100%        1
 Blink                    Tloc           0%         N/A       100%        2
 Cigotuvi's Dreadful Rot  Necr/Pois/Air  0%         N/A       100%        2
 Ensorcelled Hibernation  Hex/Ice        0%         N/A       100%        2
 Passwall                 Tmut/Erth      0%         N/A       100%        2
 Poisonous Vapours        Pois/Air       0%         N/A       100%        2
 Confusing Touch          Hex            0%         N/A       100%        3
 Dazzling Flash           Conj/Hex       0%         N/A       100%        3
 Kindle Blastsparks       Fire/Tloc/Air  0%         2d10      100%        3
 Mephitic Cloud           Conj/Pois/Air  0%         N/A       100%        3
 Portal Projectile        Hex/Tloc       0%         N/A       100%        3
 Spider Form              Tmut/Pois      0%         N/A       100%        3
 Swiftness                Air            0%         N/A       100%        3
 Anguish                  Hex/Necr       0%         N/A       100%        4
 Dispel Undead            Necr           0%         3d6       100%        4
 Fulminant Prism          Conj/Hex       0%         3d5       100%        4
 Iskenderun's Mystic Bla  Conj/Tloc      0%         2d3       100%        4
 Leda's Liquefaction      Hex/Erth       0%         N/A       100%        4
 Manifold Assault         Tloc           0%         N/A       100%        4
 Passage of Golubria      Tloc           0%         N/A       100%        4
 Petrify                  Tmut/Erth      0%         N/A       100%        4
 Agony                    Necr           0%         N/A       100%        5
 Alistair's Intoxication  Tmut/Pois      0%         N/A       100%        5
 Blade Hands              Tmut           0%         N/A       100%        5
 Lee's Rapid Deconstruct  Erth           0%         3d4*      100%        5
 Silence                  Hex/Air        0%         N/A       100%        5
 Yara's Violent Unravell  Hex/Tmut       0%         3d3       100%        5
 Eringya's Noxious Bog    Tmut/Pois      0%         N/A       100%        6
 Statue Form              Tmut/Erth      0%         N/A       100%        6
 Enfeeble                 Hex            0%         N/A       100%        7
 Storm Form               Tmut/Air       0%         N/A       100%        7
 Lehudib's Crystal Spear  Conj/Erth      0%         10d2      100%        8
 Summon Small Mammal      Summ           Unusable   N/A       N/A         1
 Call Imp                 Summ           Unusable   N/A       N/A         2
 Call Canine Familiar     Summ           Unusable   N/A       N/A         3
 Tukima's Dance           Hex            Unusable   N/A       N/A         3
 Summon Forest            Summ/Tloc      Unusable   N/A       N/A         5
 Summon Hydra             Summ           Unusable   N/A       N/A         7

Dungeon Overview and Level Annotations

Branches:
Dungeon (15/15) Temple (1/1) D:7 Lair (5/5) D:9 Swamp (3/4) Lair:3 Snake (0/4) Lair:2 Slime (0/5) Lair:5 Orc (2/2) D:9 Elf (0/3) Orc:2 Vaults (0/5) D:13 D:14 Depths (0/4) D:15 Volcano (visited)

Altars:
Ashenzari
Cheibriados
Dithmenos
Elyvilon
Fedhas
Gozag
Hepliaklqana
Kikubaaqudgha
Makhleb
Nemelex Xobeh
Okawaru
Qazlal
Ru
Sif Muna
Trog
Uskayaw
Vehumet
Wu Jian
Xom
Yredelemnul
Zin
The Shining One

Shops:
D:7 *   D:10 *   D:12 *   Orc:2 =*([(

Annotations:
D:11 3 runed translucent doors, yumyumyeen's ghost, journeyman MiMo


Innate Abilities, Weirdness & Mutations

You have a pair of horns on your head.
You reflexively headbutt those who attack you in melee.


Message History

* * * LOW HITPOINT WARNING * * *
The eight-headed hydra bites you but does no damage. x2
You block the eight-headed hydra's attack.
The spriggan druid barely misses you. You block the bog body's attack.
The spriggan rider hits you but does no damage.
You climb upwards.
The forest abruptly stops moving.
There is a stone staircase leading down here.
You feel yourself speed up.
You are waved at by a branch.
The thorn hunter hits you but does no damage. x2
The eight-headed hydra misses you. You furiously retaliate!
You headbutt the eight-headed hydra.
You block the eight-headed hydra's attack.
The eight-headed hydra bites you.
* * * LOW HITPOINT WARNING * * *
The eight-headed hydra bites you but does no damage.
You block the eight-headed hydra's attack.
The eight-headed hydra bites you but does no damage.
The eight-headed hydra bites you.
* * * LOW HITPOINT WARNING * * *
The eight-headed hydra closely misses you.
The spriggan druid points at you and mumbles some strange words.
The stone arrow hits you.
* * * LOW HITPOINT WARNING * * *
The bog body touches you but does no damage.
Your +4 war axe of protection goes still.
You sense an unholy aura.
b - a +3 flail of draining (weapon)
A tree reaches out and hits you.
* * * LOW HITPOINT WARNING * * *
The thorn hunter hits you but does no damage.
You block the thorn hunter's attack.
You barely miss the eight-headed hydra.
The eight-headed hydra is lightly wounded.
The eight-headed hydra bites you but does no damage.
The eight-headed hydra bites you!
* * * LOW HITPOINT WARNING * * *
You block the eight-headed hydra's attack.
The eight-headed hydra bites you but does no damage.
The eight-headed hydra bites you!
You die...

♣.♣♣♣♣ ♣..~~~.♣ ♣♣~.♣.♣♣
♣♣.~~..~♣♣♣
♣♣♣.♣..♣.♣♣♣♣.....~~♣.♣
♣♣♣[♣♣♣♣♣..~....♣♣♣.~♣~~♣
♣♣...P♣ ♣♣....~.§♣♣~~~♣~♣
.♣....♣♣ ♣♣♣...~~§♣♣♣♣~♣.♣
.......♣ ♣..♣♣<~~.<~♣♣.♣.♣
.......♣♣♣..♣♣♣inD♣~♣♣..♣♣
~~♣....♣...♣♣ ♣♣@...<.~♣♣
...~♣.)♣.♣♣♣ ♣♣~f.♣♣.[♣
.....~..♣♣ ♣..♣.♣♣♣.♣
~~....~P.♣♣♣ ♣...♣♣♣.♣♣
..~~..♣....♣♣♣♣.~♣♣♣..♣
...~P..♣P....♣♣~~.♣.♣.♣
♣♣..~..♣..P..♣♣.[♣♣♣~♣♣
♣..~..♣.P.♣.}♣>♣♣♣♣~♣
♣♣♣♣♣ ♣♣∩.~..♣.....♣♣♣♣
♣.♣♣ ♣...♣♣


You could see a thorn hunter, an eight-headed hydra (strong), a spriggan druid
and a bog body.

Vanquished Creatures
  Rupert (D:14)
  Jorgrun (D:15)
  Frances (Swamp:2)
  Kirke (Swamp:1)
  4 thorn hunters (Swamp:2)
  Roxanne (D:14)
  An orc warlord (Orc:2)
  A ghost moth (shapeshifter) (D:15)
  4 eleionomae
  Nessos (D:14)
  Azrael (D:15)
  3 bunyips
  An ettin (shapeshifter) (D:13)
  A fire dragon (Lair:5)
  2 shambling mangroves (Swamp:2)
  13 hydras
  4 centaur warriors
  A ghost crab (Swamp:2)
  A two-headed ogre (shapeshifter) (D:14)
  2 catoblepae
  2 boulder beetles
  An alligator (Swamp:1)
  7 two-headed ogres
  8 death yaks
  An orc high priest (Orc:2)
  3 tengu warriors
  3 skeletal warriors (D:15)
  4 goliath frogs
  4 spriggan druids
  3 swamp dragons
  A bog body (Swamp:1)
  6 orc knights
  A lindwurm (Lair:5)
  4 deep elf pyromancers
  2 wizards
  A wolf spider (D:15)
  3 orc sorcerers
  6 cyclopes
  2 oklob plants (Swamp:2)
  9 ugly things
  2 will-o-the-wisps
  A black mamba (Lair:4)
  12 elephants
  A molten gargoyle (Volcano)
  An unseen horror (Temple)
  A torpor snail (shapeshifter) (D:13)
  A yaktaur (shapeshifter) (D:14)
  3 kobold demonologists (D:12)
  10 cane toads
  13 komodo dragons
  6 rime drakes
  An efreet (D:15)
  A tengu conjurer (D:15)
  12 hornets
  7 trolls
  10 blink frogs
  2 tyrant leeches
  Grinder (D:4)
  11 dream sheep
  10 slime creatures
  A shadow (D:12)
  A culicivora (shapeshifter) (D:13)
  3 wraiths
  3 wyverns
  14 spriggans
  8 fire elementals
  23 yaks
  3 hogs (Swamp:1)
  20 humans
  A redback (D:14)
  11 vampire mosquitoes
  2 steam dragons
  4 basilisks
  9 wargs
  11 swamp worms
  6 nagas (Lair:2)
  3 acid dragons
  9 water moccasins
  2 hell hounds (D:15)
  An ice beast (D:7)
  3 black bears
  22 orc warriors
  4 ogres
  16 wolves
  8 centaurs
  A phantom (D:6)
  5 kobold brigands
  2 necrophages
  5 bullfrogs
  10 wights
  4 scorpions
  A hornet simulacrum (D:14)
  8 killer bees
  5 howler monkeys
  19 orc priests
  A gnoll bouda (D:6)
  7 jellies
  3 hounds
  Terence (D:2)
  9 iguanas
  22 orc wizards
  Robin (D:4)
  8 gnolls
  6 adders
  2 shadow imps
  12 white imps
  2 ufetubi (D:4)
  3 dart slugs
  58 orcs
  14 ball pythons
  4 endoplasms
  8 giant cockroaches
  16 goblins
  9 hobgoblins
  4 jackals (D:3)
  39 kobolds
  4 quokkas
  4 bats
  5 frilled lizards
  8 rats
  3 briar patches (Swamp:3)
723 creatures vanquished.

Vanquished Creatures (others)
  2 alligators (Swamp:2)
  A tyrant leech (Swamp:2)
  2 briar patches (Swamp:3)
  2 foxfires (Swamp:1)
  31 fungi
  47 plants
85 creatures vanquished.

Grand Total: 808 creatures vanquished

Notes
Turn   | Place    | Note
-------+----------+-------------------------------------------
     0 | D:1      | mandoloar the Minotaur Fighter began the quest for the Orb.
     0 | D:1      | Reached XP level 1. HP: 19/19 MP: 0/0
   109 | D:1      | Reached XP level 2. HP: 27/27 MP: 1/1
   125 | D:1      | Reached skill level 3 in Axes
   816 | D:2      | Reached XP level 3. HP: 34/34 MP: 2/2
   940 | D:2      | You fall into a shaft and drop 2 floors!
   945 | D:3      | Found a radiant altar of Vehumet.
   957 | D:3      | Reached skill level 4 in Axes
   970 | D:4      | Reached XP level 4. HP: 11/41 MP: 3/3
  1070 | D:4      | Noticed a necrophage
  1109 | D:2      | Found a stormy altar of Qazlal.
  1198 | D:2      | Noticed Terence
  1215 | D:2      | Killed Terence
  1216 | D:2      | Reached skill level 5 in Axes
  1745 | D:3      | Reached XP level 5. HP: 47/47 MP: 4/4
  1812 | D:4      | Reached skill level 6 in Axes
  2142 | D:4      | Reached skill level 7 in Axes
  2142 | D:4      | Reached XP level 6. HP: 53/53 MP: 5/5
  2214 | D:5      | Entered Level 5 of the Dungeon
  2324 | D:4      | Noticed Grinder
  2477 | D:4      | Noticed Robin
  2484 | D:4      | Killed Robin
  2719 | D:4      | Reached skill level 8 in Axes
  2927 | D:4      | Reached XP level 7. HP: 60/60 MP: 6/6
  3012 | D:4      | Paralysed by Grinder for 4 turns
  3019 | D:4      | Reached skill level 9 in Axes
  3019 | D:4      | Killed Grinder
  3020 | D:4      | Reached skill level 10 in Axes
  3756 | D:6      | Found a glowing silver altar of Zin.
  3788 | D:5      | Reached skill level 11 in Axes
  3788 | D:5      | Reached XP level 8. HP: 67/67 MP: 7/7
  3908 | D:6      | Reached skill level 5 in Fighting
  4178 | D:5      | Found a sparkling altar of Nemelex Xobeh.
  4604 | D:5      | Found an opulent altar of Gozag.
  5544 | D:6      | Reached skill level 12 in Axes
  6018 | D:7      | Reached XP level 9. HP: 80/80 MP: 8/8
  6121 | D:7      | Found a staircase to the Ecumenical Temple.
  6132 | Temple   | Entered the Ecumenical Temple
  6151 | Temple   | Killed an unseen horror
  6429 | D:7      | Reached skill level 13 in Axes
  6462 | D:7      | Identified the +1 short sword of Quyczim {venom, rPois rN++
                  | Int+4 Stlth+}
  6564 | D:7      | Found Vaku's Lightly-Used Armoury.
  7447 | D:9      | Found a staircase to the Orcish Mines.
  7721 | D:8      | Reached skill level 10 in Fighting
  8087 | D:9      | Reached skill level 14 in Axes
  8108 | D:9      | Reached XP level 10. HP: 83/94 MP: 9/9
  8442 | D:10     | Entered Level 10 of the Dungeon
  8453 | D:9      | Found a basalt altar of Yredelemnul.
  8687 | D:9      | Found an iron altar of Okawaru.
  8697 | D:9      | Found a glowing golden altar of the Shining One.
  8698 | D:9      | Found a snail-covered altar of Cheibriados.
  8707 | D:9      | Became a worshipper of Warmaster Okawaru
  9274 | D:9      | Found a staircase to the Lair.
  9623 | D:10     | Reached * piety under Okawaru
  9624 | D:10     | Reached skill level 15 in Axes
  9877 | D:11     | Found a runed translucent gate.
  9877 | D:11     | Found a runed translucent gate.
  9877 | D:11     | Found a runed translucent gate.
 10062 | D:10     | Found Eseri's Island Escapes.
 10128 | D:10     | Noticed a two-headed ogre
 10135 | D:10     | Killed a two-headed ogre
 10759 | Lair:1   | Entered Level 1 of the Lair of Beasts
 10808 | Lair:2   | Noticed a cane toad
 10969 | Lair:1   | Noticed a cane toad
 10984 | Lair:1   | Killed a cane toad
 10985 | Lair:1   | Reached skill level 1 in Dodging
 10985 | Lair:1   | Reached skill level 1 in Invocations
 11326 | Lair:1   | Reached ** piety under Okawaru
 11359 | Lair:1   | Noticed a cane toad
 11373 | Lair:1   | Killed a cane toad
 11374 | Lair:1   | Reached skill level 1 in Stealth
 11453 | Lair:1   | Reached XP level 11. HP: 103/105 MP: 9/11
 11515 | Lair:1   | Noticed a death yak
 11516 | Lair:1   | Noticed a death yak
 11525 | Lair:1   | Noticed a death yak
 11545 | Lair:1   | Noticed a death yak
 11551 | Lair:1   | Killed a death yak
 11558 | Lair:1   | Killed a death yak
 11558 | Lair:1   | Reached *** piety under Okawaru
 11558 | Lair:1   | Killed a death yak
 11562 | Lair:1   | Killed a death yak
 11868 | Lair:1   | Reached skill level 5 in Shields
 11869 | Lair:1   | Reached skill level 5 in Armour
 12078 | Lair:1   | Reached **** piety under Okawaru
 13058 | Lair:2   | Reached skill level 16 in Axes
 13402 | Lair:2   | Noticed a catoblepas
 13429 | Lair:2   | Killed a catoblepas
 13831 | Lair:2   | Found a staircase to the Snake Pit.
 14166 | Lair:2   | Reached ***** piety under Okawaru
 14167 | Lair:2   | Reached XP level 12. HP: 103/115 MP: 14/14
 15282 | Lair:3   | Reached skill level 5 in Dodging
 15540 | Lair:3   | Noticed a seven-headed hydra
 15540 | Lair:3   | Noticed an eight-headed hydra
 15567 | Lair:3   | Killed a seven-headed hydra
 15571 | Lair:3   | Killed an eight-headed hydra
 16400 | Lair:3   | Found a staircase to the Swamp.
 16553 | Lair:4   | Reached skill level 5 in Invocations
 17315 | Lair:5   | Entered Level 5 of the Lair of Beasts
 18081 | Lair:4   | Reached ****** piety under Okawaru
 18083 | Lair:4   | Reached skill level 5 in Stealth
 18345 | Lair:4   | Identified the +3 scale mail "Bit Makki" {Dex+7} (Okawaru
                  | gifted it to you on level 4 of the Lair of Beasts)
 18345 | Lair:4   | Received a gift from Okawaru
 18557 | Lair:5   | Reached XP level 13. HP: 69/123 MP: 16/16
 19532 | Lair:5   | Reached skill level 17 in Axes
 20147 | Lair:5   | Found a staircase to the Slime Pits.
 20813 | Lair:5   | Identified the +6 scale mail "Ysmet" {Dex+3 Stlth+}
                  | (Okawaru gifted it to you on level 5 of the Lair of Beasts)
 20813 | Lair:5   | Received a gift from Okawaru
 20850 | Lair:5   | Noticed a fire dragon
 20866 | Lair:5   | HP: 4/125 [fire dragon (4)]
 21341 | Lair:5   | Killed a fire dragon
 21773 | D:7      | Bought -2 gold dragon scales for 1050 gold pieces
 23364 | D:11     | Found a runed translucent gate.
 23364 | D:11     | Found a runed translucent gate.
 23371 | D:11     | Noticed yumyumyeen's ghost (journeyman MiMo)
 23372 | D:11     | Found a runed translucent gate.
 23579 | D:12     | Reached XP level 14. HP: 85/132 MP: 18/18
 24095 | D:12     | Found Orifer's Assorted Antiques.
 25040 | D:14     | Noticed Nessos
 25040 | D:14     | Found a gate to the Vaults.
 25199 | D:13     | Identified the +1 robe "Plog" {Dex+2}
 25329 | D:13     | Found a stormy altar of Qazlal.
 25425 | D:13     | Identified the +2 kite shield of Siuxzer {rC+ Str+2 SInv}
                  | (Okawaru gifted it to you on level 13 of the Dungeon)
 25425 | D:13     | Received a gift from Okawaru
 25426 | D:13     | Reached skill level 15 in Fighting
 25637 | D:12     | Bought a small jade ring for 130 gold pieces
 25637 | D:12     | Bought a potion of heal wounds for 130 gold pieces
 25661 | D:14     | Reached skill level 10 in Armour
 25662 | D:14     | Reached skill level 10 in Shields
 25903 | D:14     | Killed Nessos
 26046 | D:15     | Entered Level 15 of the Dungeon
 26117 | D:14     | Found a bloodstained altar of Trog.
 26141 | D:14     | Reached skill level 18 in Axes
 26412 | D:14     | Noticed Rupert
 26413 | D:14     | Paralysed by Rupert for 4 turns
 26439 | D:14     | Killed Rupert
 26580 | D:14     | Identified Roxanne's Exposition on Flesh
 26580 | D:14     | Noticed Roxanne
 27864 | D:14     | Reached XP level 15. HP: 144/144 MP: 20/20
 27865 | D:14     | Reached skill level 19 in Axes
 27865 | D:14     | Reached XP level 16. HP: 154/154 MP: 21/21
 27894 | D:14     | Killed Roxanne
 28008 | D:15     | Noticed Jorgrun
 28027 | D:15     | Killed Jorgrun
 29029 | D:15     | Noticed Azrael
 29044 | D:15     | Killed Azrael
 29551 | D:15     | Reached XP level 17. HP: 111/161 MP: 14/22
 29555 | D:15     | Found a staircase to the Depths.
 29912 | Orc:1    | Entered Level 1 of the Orcish Mines
 30315 | Orc:1    | Paralysed by an orc sorcerer for 5 turns
 30367 | Orc:2    | Entered Level 2 of the Orcish Mines
 30899 | Orc:2    | Found a dark tunnel.
 30909 | Volcano  | Entered a volcano
 31168 | Volcano  | Reached skill level 1 in Throwing
 31906 | Orc:2    | Found a staircase to the Elven Halls.
 32053 | Orc:2    | Paralysed by an orc sorcerer for 3 turns
 32257 | Orc:2    | Found Jeapn's Jewellery Shoppe.
 32310 | Orc:2    | Found Fuwod's General Store.
 32341 | Orc:2    | Found Xamyso's Antique Armour Shoppe.
 32432 | Orc:2    | Found Dese's Weapon Boutique.
 32526 | Orc:2    | Found Jaihippeitz's Antique Weapon Shoppe.
 33046 | Swamp:1  | Entered Level 1 of the Swamp
 33474 | Swamp:1  | Noticed Kirke
 33493 | Swamp:1  | Killed Kirke
 33493 | Swamp:1  | Received a gift from Okawaru
 33736 | Swamp:1  | Reached skill level 20 in Axes
 35940 | Swamp:2  | Reached skill level 5 in Throwing
 36859 | Swamp:2  | Noticed Frances
 37688 | Swamp:2  | Killed Frances
 37918 | Swamp:2  | HP: 3/166 [eight-headed hydra (10)]
 37918 | Swamp:2  | Mangled by an eight-headed hydra

Illustrated notes

Levels and vault maps discovered:
D:1:      dpeg_arrival_signposts, layout_basic, minmay_pentomino_q4
D:2:      layout_rooms, basic_altar, uniq_terence
D:3:      layout_basic, vehumet_crystals, hangedman_decor_clover_reticule
D:4:      layout_basic, uniq_robin, uniq_grinder
D:5:      layout_cave_pools, nicolae_gozag_cash_rules_everything_around_me,
          nemelex_spade_bored_becter, minmay_misc_feat_iff
D:6:      layout_basic, zin_scriptorium, portal_sewer_entry_d
D:7:      layout_cave_pools, minmay_temple_entry_tees, minmay_shop_damaged,
          minmay_misc_feat_diagonals
D:8:      layout_loops_corners, minmay_misc_feat_ornament
D:9:      layout_grid_maze, old_standard_altar,
          chequers_temple_overflow_statue_of_worship,
          minmay_orc_entry_guard_dogs, enter_bailey_2
D:10:     layout_loops_ring, nicolae_island_escapes
D:11:     layout_roguey, ploomutoo_gammafunk_ghost_potion_laboratory,
          minmay_door_square
D:12:     layout_irregular_city, serial_shops, nicolae_take_the_stairs,
          dreamdust_wishing_well
D:13:     layout_gridville, nicolae_qazlal_general_emergency
D:14:     layout_loops_ring, david_vaults_3, bloody_trog, nrook_loot_triangle,
          uniq_roxanne, uniq_rupert
D:15:     hangedman_depths_entry_try_elsewhere_first, layout_cave_pods,
          gauntlet_entry_generic, lemuel_nasty_fountain, uniq_azrael,
          uniq_jorgrun
Temple:   minmay_temple_curvy_branch
Lair:1:   layout_big_grid
Lair:2:   layout_cave_pods, minmay_snake_entry_guardpost_medium,
          portal_ice_cave_entry_imps, serial_bayou_shore_a, lemuel_fruit_fields
Lair:3:   layout_layer_cave, palyth_hydra_swamp_entry,
          nicolae_quartered_pool_super
Lair:4:   layout_gridlike
Lair:5:   guppyfry_lair_end_dragon, layout_gridlike, minmay_slime_entry_pillars
Swamp:1:  layout_basic_swamp, hangedman_swamp_pad, uniq_kirke
Swamp:2:  nicolae_swamp_phyte_club, layout_falls_marsh,
          evilmike_swamp_ruin_house_4, uniq_frances
Swamp:3:  layout_falls_marsh, basic_altar, cheibrodos_swamp_minitomb
Orc:1:    layout_caves
Orc:2:    grunt_orc_cross, layout_diamond_mine, special_room, serial_shops,
          nicolae_shop_advertising_works [nicolae_subvault_shop_adworks],
          nicolae_volcano_entry_lava_flow, mines5_lemuel

Skill      XL: |  1  2  3  4  5  6  7  8  9 10 11 12 13 14 15 16 17 |
---------------+----------------------------------------------------+-----
Fighting       | 4 7 10 12 13 14 16 17 18 | 18.7
Axes           | 3 4 5 7 8 11 12 14 15 16 17 18 19 20 | 20.7
Dodging        | 1 4 6 7 |  7.0
Invocations    | 1 4 5 7 8 9 |  9.0
Armour         | 4 6 7 9 11 12 | 12.0
Stealth        | 1 3 5 6 7 |  7.0
Shields        | 4 6 7 9 11 12 | 12.0
Throwing       | 6 |  6.4

Action                     |  1- 3 |  4- 6 |  7- 9 | 10-12 | 13-15 | 16-18 || total
---------------------------+-------+-------+-------+-------+-------+-------++-------
  Melee: War axe           |    79 |    91 |   277 |   415 |   470 |   630 ||  1962
         Headbutt          |     7 |    15 |    37 |    95 |   119 |   178 ||   451
         Flail             |       |       |       |    13 |    27 |    41 ||    81
  Throw: Stone             |       |    16 |       |       |     2 |       ||    18
         Boomerang         |       |     2 |    30 |    64 |    69 |    98 ||   263
 Invoke: Heroism           |       |       |       |     3 |     9 |    11 ||    23
         Finesse           |       |       |       |     1 |     7 |     7 ||    15
    Use: Scroll            |       |     8 |     5 |     8 |    10 |     4 ||    35
         Potion            |       |       |       |     1 |     9 |     2 ||    12
 Armour: Scale mail        |    30 |    42 |       |       |    19 |       ||    91
         Plate armour      |       |    25 |   141 |   223 |    73 |       ||   462
         Skin              |       |       |     9 |       |       |       ||     9
         Gold dragon scale |       |       |       |       |   191 |   365 ||   556
  Dodge: Dodged            |    47 |    52 |   105 |   223 |   214 |   261 ||   902
  Block: Buckler           |    22 |    31 |    62 |    89 |    80 |       ||   284
         Kite shield       |       |       |       |       |   111 |   494 ||   605

Table legend: (Time is in decaauts)
 A = Elapsed time spent in this place.
 B = Non-inter-level travel time spent in this place.
 C = Inter-level travel time spent in this place.
 D = Time resting spent in this place.
 E = Time spent auto-exploring this place.
 F = Levels seen in this place.
 G = Mean time per level.
                   A        B        C        D        E       F      G
               +--------+--------+--------+--------+--------+-----+--------+
         Total |  37824 |  36056 |   1768 |  13650 |  16190 |  27 | 1400.9 |
       Dungeon |  18470 |  17547 |    923 |   5035 |   9290 |  15 | 1231.3 |
        Temple |    283 |    278 |      5 |      0 |    250 |   1 |  283.0 |
          Lair |  11191 |  10605 |    586 |   5016 |   4072 |   5 | 2238.2 |
         Swamp |   4912 |   4836 |     76 |   2904 |   1048 |   3 | 1637.3 |
  Orcish Mines |   2698 |   2522 |    176 |    695 |   1306 |   2 | 1349.0 |
       Volcano |    268 |    268 |      0 |      0 |    223 |   1 |  268.0 |
               +--------+--------+--------+--------+--------+-----+--------+

Top non-repeatable levels by time:
 Swamp:2: 2645 daAuts
  Lair:5: 2568 daAuts
  Lair:1: 2478 daAuts
  Lair:4: 2420 daAuts
 Swamp:1: 2231 daAuts
    D:14: 2047 daAuts
  Lair:3: 2039 daAuts
   Orc:2: 1954 daAuts
    D:15: 1851 daAuts
  Lair:2: 1683 daAuts
     D:9: 1650 daAuts
     D:4: 1615 daAuts
    D:12: 1510 daAuts
    D:10: 1263 daAuts
    D:11: 1262 daAuts
